cohdb
Replays
Latest Replays
All Replays
Popular Replays
Top Player Replays
Match Explorer
How It Works
Community
CoH3 Stats
Reddit
Sign in to upload your games and track your stats! →
Sign in with Steam
Match 41913238
Unlisted
Match 41913238
Overview
Messages
Build Orders
End
Construct Section Command Post
Selects Canadian Shock Battlegroup
Infantry Section
Infantry Section
Dingo Light Scout Car
Royal Engineer Section
Selects Attacking Spirit
Selects Canadian Shock Section
Canadian Shock Section
Construct Platoon Command Post
Canadian Shock Section
Grenade Package
Selects Incendiary Munitions
Infantry Training
Construct Company Command Post
Infantry Section
Selects Pyrotechnics
Construct Field Infirmary
Selects Demolition Engineering
Foot Guards Section
Matilda II Heavy Tank
Armored Vehicle Training
Selects Smoke Operation
불타고 있는 개
Brother
0
0
Comments
sign in to comment!
No comments posted yet!